woodfighter, chaotic female orcish Cavewoman ----------- # |........<| --------------------------------# ##-.........| |...............................## # |.........| | -------- .-----------.|## ### |.........| -------.|..|.(.|..-.|#### # ----------- |.....|.|..|(((|..|.|# # ### | |.._..|.-|-|...|---.|###### |.. -+- |.....|....-|---....+###### |...... |.....|.............| #####[ |........{ ---|---.{...........| # |..............................| ######-------- | -+---...........-|--|---...| # #|......| |-------.---|..|..+|...| ####-......| |.k|%%.-.-..|..|+%!|...| # |......| |..|%..|.|..|--|.??|...| ##.......| | -----f------.----..-----...| |......| |........@.....................| -------- -------------------------------- woodfighter the Young Cave Woman Experience level: 7 Strength: 18 Dexterity: 16 Constitution: 17 Intelligence: 9 Wisdom: 10 Charisma: 8 Health: 0(60) Energy: 19(19) Def: 10 Gold: 426 Moves: 3794 Dungeon seed: C7DljL24DYiiMlDz Game ID: woodfighter_1476906159 Your Inventory: Coins $ - 426 gold pieces Amulets P - an uncursed amulet of reflection (being worn) Weapons a - a blessed +2 spear (weapon in hand) b - a +2 sling (alternate weapon; not wielded) j - a +0 dwarvish spear Armor d - an uncursed +0 cloak of invisibility n - a blessed +0 pair of gauntlets of fumbling o - an uncursed +0 dwarvish mithril-coat (being worn) N - an uncursed +0 dwarvish iron helm (being worn) Y - an uncursed +0 pair of iron shoes (being worn) Comestibles c - 3 uncursed food rations g - an uncursed sprig of wolfsbane A - an uncursed fortune cookie Z - an uncursed tin of newt meat Scrolls B - an uncursed scroll of remove curse Potions z - an uncursed potion of water Wands W - a cursed wand of polymorph (0:6) Tools m - an uncursed wax candle (0:400) q - a +0 unicorn horn s - an uncursed bag of holding t - an uncursed oil lamp (0:1178) u - an uncursed magic lamp y - an uncursed skeleton key I - an uncursed oil lamp (0:731) Gems e - 5 uncursed flints (in quiver) Contents of the bag of holding: 166 gold pieces a +1 club 4 uncursed scrolls of blank paper 2 cursed scrolls of blank paper a blessed scroll of create monster an uncursed scroll of enchant armor an uncursed scroll of enchant weapon an uncursed scroll of light a blessed scroll of magic mapping an uncursed scroll of remove curse an uncursed scroll of scare monster a blessed potion of blindness an uncursed potion of booze 3 uncursed potions of confusion an uncursed potion of extra healing an uncursed potion of gain ability a blessed potion of healing an uncursed potion of invisibility 2 uncursed potions of sleeping an uncursed potion of speed an uncursed ring of slow digestion an uncursed ring of warning an uncursed wand of undead turning [0:7] a cursed magic lamp an uncursed oil lamp [0:1045] a blessed tallow candle [0:200] 4 uncursed tallow candles [0:200] Spells and supernatural/magical abilities: Name Level Category Fail Memory W - pray for help -- divine ? -- Your skills at the end: Miscellaneous Skills bare handed combat [Basic] Weapon Skills scimitar [Basic] club [Basic] spear [Skilled] sling [Basic] Spellcasting Skills Final Attributes: You were piously aligned. You were poison resistant. You were telepathic. You had infravision. You were somewhat stealthy. You were fast. You had reflection. You are dead. Vanquished creatures: a large mimic a small mimic a large dog a giant beetle a leprechaun a dog a white unicorn 2 fire ants a wood nymph 2 rock piercers 2 ponies a fog cloud 7 gnome lords 3 gnomish wizards a gray ooze 2 paper golems 2 floating eyes a kitten 8 dwarves 3 iguanas 2 jitterbugs 2 monkeys a werejackal a killer bee 2 coyotes 2 hobbits a large kobold 4 geckos 5 giant rats 2 green molds 25 gnomes a gnome zombie 12 jackals a fox a kobold 2 newts a sewer rat 10 grid bugs 5 bats 4 lichens 2 kobold zombies 128 creatures vanquished. Voluntary challenges: You did not cause conflict. You did not have reflection until turn 3747. You were not displaced. You used a wielded weapon 190 times, starting on turn 5. You did not apply a unicorn horn. You did not use plumbed fixtures. You did not drink any magical draughts. You were illiterate. You never genocided any monsters. You never polymorphed an object. You never changed form. You used no wishes. You never split a pudding. You never wrote Elbereth's name. You never violated your personal moral code. Dungeon overview: The Dungeons of Doom: levels 1 to 4 Level 1 (llw) a long staircase Level 2 (lw) an armor shop, an altar to Anshar Level 3 (l) a fountain stairs to The Gnomish Mines Level 4 a sink The Gnomish Mines: levels 4 to 7 Level 4 stairs to The Dungeons of Doom Level 5 Level 6 Level 7 <- You were here some shops, a temple to Anu, some fountains History has recorded: On T:1 you entered the Dungeons of Doom to retrieve the Amulet of Yendor! On T:130 you reached level 3 of The Dungeons of Doom. On T:249 you advanced to experience level 2. On T:253 you reached level 1 of The Gnomish Mines. On T:359 you reached level 2 of The Dungeons of Doom. On T:419 you advanced to experience level 3. On T:1131 you advanced to experience level 4. On T:1177 you reached level 4 of The Dungeons of Doom. On T:1470 you advanced to experience level 5. On T:1888 you advanced to experience level 6. On T:2048 you reached level 2 of The Gnomish Mines. On T:3061 you reached level 3 of The Gnomish Mines. On T:3144 you advanced to experience level 7. On T:3449 you reached level 4 of The Gnomish Mines. On T:3704 you entered the Minetown temple Score breakdown: Gold: 592 ( 59 points) Experience: 7 levels ( 600 points) Exploration: 7 levels ( 180 points) Discoveries: 35 items ( 1750 points) Variety of kills: 41 monsters ( 2000 points) Major goal: reached Minetown ( 500 points) Survival: died (score multiplied by 3) Total score: 15267 Latest messages: Kinojevis talks about the problem of shoplifters. The door opens. (2x) "Hello, woodfighter! Welcome to Njalindoeng's delicatessen!" You see here a clear potion (7 zorkmids). "For you, esteemed lady; only 7 for this clear potion." z - a clear potion (unpaid, 7 zorkmids). You bought a clear potion for 7 gold pieces. "Thank you for shopping in Njalindoeng's delicatessen!" You hear the chime of a cash register. This door is locked. You succeed in unlocking the door. The door opens. You kill the kitten! B - a labeled ELAM EBOW. The air crackles around the kobold shaman. You jab the kobold shaman! The air crackles around the kobold shaman. The tiger claws you! (2x) The tiger bites! You jab the tiger! The tiger claws you! (2x) The tiger bites! You jab the tiger! The tiger claws you! You die... Final status: Goodbye woodfighter the Cavewoman, killed by a tiger... You died in The Gnomish Mines on dungeon level 7 with 15267 points, and 592 pieces of gold, after 3794 moves. You were level 7 with a maximum of 60 hit points when you died.